 Dungeon Crawl Stone Soup version 0.23.0-2-g0fe3ce5905 (webtiles) character file.

Game seed: 1208090668850036645

98 Thargor the Skirmisher (level 4, -1/40 HPs)
             Began as a Minotaur Fighter on Feb 20, 2019.
             Slain by Natasha (4 damage)
             ... on level 2 of the Dungeon.
             The game lasted 00:02:01 (1086 turns).

Thargor the Skirmisher (Minotaur Fighter)           Turns: 1086, Time: 00:02:01

Health: -1/40      AC:  7    Str: 26    XL:     4   Next: 44%
Magic:  3/3        EV:  8    Int:  5    God:
Gold:   59         SH: 10    Dex: 10    Spells: 3/3 levels left

rFire    . . .     SeeInvis .   a - +0 long sword
rCold    . . .     Gourm    .   c - +0 shield
rNeg     . . .     Faith    .   b - +0 scale mail
rPois    .         Spirit   .   (helmet restricted)
rElec    .         Reflect  .   (no cloak)
rCorr    .         Harm     .   (no gloves)
MR       .....                  (no boots)
Stlth    ..........             (no amulet)
HPRegen  0.13/turn              (no ring)
MPRegen  0.08/turn              (no ring)

@: mighty
A: retaliatory headbutt, horns 2
a: no special abilities


You were on level 2 of the Dungeon.
You were hungry.

You visited 1 branch of the dungeon, and saw 2 of its levels.

You collected 59 gold pieces.

Inventory:

Hand Weapons
 a - a +0 long sword (weapon)
Missiles
 j - 8 javelins (quivered)
Armour
 b - a +0 scale mail (worn)
 c - a +0 shield (worn)
Scrolls
 e - a scroll of immolation {unknown}
 h - 2 scrolls of teleportation {unknown}
 i - a scroll of magic mapping {unknown}
 k - a scroll of noise {unknown}
 l - a scroll of remove curse {unknown}
 n - a scroll of fear {unknown}
Potions
 g - 2 potions of heal wounds {unknown}
 m - 2 potions of curing {unknown}
Comestibles
 f - 3 rations


   Skills:
 + Level 4.2 Fighting
 + Level 3.2 Long Blades
 + Level 1.4 Throwing
 + Level 4.1 Armour
 + Level 1.5 Dodging
 + Level 4.1 Shields


You had 3 spell levels left.
You didn't know any spells.
Your spell library was empty.

Dungeon Overview and Level Annotations

Branches:
Dungeon (2/15)

Altars:

Annotations:
D:2 Natasha


Innate Abilities, Weirdness & Mutations

You reflexively headbutt those who attack you in melee.
You have a pair of horns on your head.


Message History

The iron imp closely misses you. You furiously retaliate!
You headbutt the iron imp!
You kill the iron imp!
The white imp closely misses you.
You riposte.
You slash the white imp!
You kill the white imp!
Natasha claws you.
* * * LOW HITPOINT WARNING * * *
You barely miss Natasha.
Natasha is heavily wounded.
You block Natasha's attack. Natasha barely misses you.
Your scale mail prevents you from hitting Natasha.
Natasha is heavily wounded.
Natasha stares at you and mumbles some strange words.
The magic dart hits you!
* * * LOW HITPOINT WARNING * * *
Natasha claws you but does no damage.
You miss Natasha.
Natasha is heavily wounded.
Natasha claws you.
You die...

#... #..#?#.##
#>..########## #..###...
#............###........
#............†..........
#..................####.
#....).......####.....#.
#####..####### ##.#....
##.## #....(. #.@#
###.##. #..h..?# #.##.
#......# ##.##. #......#
#..... #........ .[....
#......### .##...
#.$..... ##.. #.......#
##. ##


You could see Natasha.

Vanquished Creatures
  3 gnolls (D:2)
  2 adders (D:2)
  A shadow imp (D:2)
  3 dart slugs
  A leopard gecko (D:1)
  A ball python (D:1)
  A bat (D:2)
  A giant cockroach (D:1)
  11 goblins
  2 hobgoblins (D:1)
  5 frilled lizards
  5 kobolds
36 creatures vanquished.

Notes
Turn   | Place    | Note
-------+----------+-------------------------------------------
     0 | D:1      | Thargor the Minotaur Fighter began the quest for the Orb.
     0 | D:1      | Reached XP level 1. HP: 19/19 MP: 0/0
    70 | D:1      | Reached XP level 2. HP: 27/27 MP: 1/1
   470 | D:1      | Reached skill level 1 in Throwing
   677 | D:2      | Reached XP level 3. HP: 33/33 MP: 2/2
   678 | D:2      | Reached skill level 1 in Dodging
  1007 | D:2      | Reached XP level 4. HP: 38/40 MP: 3/3
  1071 | D:2      | Noticed Natasha
  1086 | D:2      | Slain by Natasha

Skill      XL: |  1  2  3 |
---------------+----------+-----
Throwing       | 1 |  1.4
Dodging        | 1 |  1.5
Fighting       | 4 |  4.2
Long Blades    | 3 |  3.2
Armour         | 4 |  4.1
Shields        | 4 |  4.1

Action                   |  1- 3 |  4- 6 || total
-------------------------+-------+-------++-------
Melee: Long sword        |    80 |    18 ||    98
       Headbutt          |    15 |     3 ||    18
  Use: Potion            |       |     1 ||     1
Armor: Scale mail        |    27 |    11 ||    38
Dodge: Dodged            |    12 |    11 ||    23
Block: Shield            |    37 |     5 ||    42
       Rpst.: Long sword |     3 |     5 ||     8
